 Dungeon Crawl Stone Soup version 0.31-a0-162-gc4c5a43528 (webtiles) character file.

Game seed: 6182204080713112228

113 qw the Shooter (level 4, 0/28 HPs)
             Began as a Gargoyle Hunter on June 12, 2023.
             Slain by an orc wizard
             ... wielding a +1 vampiric dagger
              (3 damage)
             ... on level 3 of the Dungeon.
             The game lasted 00:00:45 (2134 turns).

qw the Shooter (Gargoyle Hunter)                    Turns: 2134, Time: 00:00:46

Health: 0/28       AC:  8    Str: 14    XL:     4   Next: 96%
Magic:  4/4        EV: 10    Int: 10    God:
Gold:   79         SH:  0    Dex: 15    Spells: 3/3 levels left

rFire   . . .        Y - +0 longbow
rCold   . . .        (shield currently unavailable)
rNeg    + . .        a - +0 ring mail
rPois   inf          (no helmet)
rElec   +            (no cloak)
rCorr   .            (no gloves)
SInv    .            (no boots)
Will    .....        g - amulet of the acrobat
Stlth   +            (no ring)
HPRegen 0.24/turn    (no ring)
MPRegen 0.09/turn

%: acrobat
@: no status effects
A: sickness immunity, AC +3, negative energy resistance 1, electricity
resistance, torment resistance 1, petrification resistance
a: no special abilities


You were on level 3 of the Dungeon.
You visited 1 branch of the dungeon, and saw 3 of its levels.

You collected 79 gold pieces.


Innate Abilities, Weirdness & Mutations

You are immune to sickness and miasma.
Your stone body is resilient. (AC +3)
You are immune to poison.
You resist negative energy. (rN+)
You are resistant to electric shocks. (rElec)
You are resistant to unholy torment.
You are immune to petrification.


   Skills:
 - Level 3.4 Fighting
 + Level 5.3 Ranged Weapons
 - Level 1.2 Armour
 - Level 1.5 Dodging
 - Level 1.1 Stealth


You had 3 spell levels left.
You didn't know any spells.
Your spell library was empty.

Inventory:

Hand Weapons
 Y - a +0 longbow (weapon)
Armour
 a - a +0 ring mail (worn)
Jewellery
 c - a ring of wizardry
 g - an amulet of the acrobat (around neck)
Scrolls
 f - a scroll of teleportation
Potions
 b - 2 potions of enlightenment {unknown}
 d - a potion of magic {unknown}
 e - a potion of attraction {unknown}
 h - a potion of curing {unknown}

Dungeon Overview and Level Annotations

Branches:
Dungeon (3/15)

Altars:


Message History

You shoot an arrow. The arrow hits the jackal!
You kill the jackal!
Something hits you but does no damage.
You hear some strange, mumbled words.
Something tries to affect you, but you resist.
The orc barely misses you.
You shoot an arrow.
The arrow hits the orc but does no damage.
Something hits you.
You hear some strange, mumbled words.
You are confused.
Something hits you but does no damage.
You hear some strange, mumbled words.
A puff of flame appears from out of thin air!
The puff of flame misses you. Something barely misses you.
Something misses you.
You hear some strange, mumbled words.
A magic dart appears from out of thin air!
The magic dart hits you but does no damage.
The orc completely misses you. Something barely misses you.
Something closely misses you. The orc barely misses you.
You feel less confused. Something barely misses you. Something misses you.
The orc misses you.
You shoot an arrow. The arrow hits the orc!
You kill the orc!
Something hits you but does no damage. Something hits you. Something burns you.
You shoot an arrow.
You hear some strange, mumbled words.
A magic dart appears from out of thin air!
The magic dart hits you.
You hear some strange, mumbled words.
A puff of flame appears from out of thin air!
The puff of flame hits you.
Something hits you but does no damage. x2
You shoot an arrow. Something hits you but does no damage. Something hits you.
Something burns you.
You shoot an arrow. Something hits you.
You die...

#.##
#............
#..#
#............
##.#
#.........(..
#######.###
#............
..........#
#............
########'.#
#............
.......#.#
#############
+####+.#.##
#.#@{# #.#){#
#.#..# #.#..#
+.#..# #...
+... .....


There were no monsters in sight!

Vanquished Creatures
  Jessica (D:2)
  An adder (D:3)
  A worm (D:3)
  A dart slug (D:3)
  2 orcs (D:3)
  4 bats
  4 endoplasms
  3 giant cockroaches (D:1)
  8 goblins
  8 hobgoblins
  9 jackals
  2 quokkas
  7 ball pythons
  A frilled lizard (D:2)
  7 kobolds
  5 rats
64 creatures vanquished.

Notes
Turn   | Place    | Note
-------+----------+-------------------------------------------
     0 | D:1      | qw the Gargoyle Hunter began the quest for the Orb.
     0 | D:1      | Reached XP level 1. HP: 12/12 MP: 1/1
     0 | D:1      | 0 ||| qw: Version: 0.2-a-29-gc1b59c4
     0 | D:1      | 0 ||| qw: Game counter: 4371
     0 | D:1      | 0 ||| qw: Always use a shield: true
     0 | D:1      | 0 ||| qw: God list: Okawaru
     0 | D:1      | 0 ||| qw: Allow faded altars: false
     0 | D:1      | 0 ||| qw: Do Orc after D:15 true
     0 | D:1      | 0 ||| qw: Do second Lair branch before Depths: true
     0 | D:1      | 0 ||| qw: Lair rune preference: random
     0 | D:1      | 0 ||| qw: Plans: Normal, Zot:1-4, Slime:5, God:TSO, Crypt,
                  | Tomb, Abyss, Pan, Hells, Win
     0 | D:1      | 0 ||| PLANNING D:1-11
   157 | D:1      | Reached XP level 2. HP: 15/17 MP: 2/2
   378 | D:1      | Reached XP level 3. HP: 21/21 MP: 3/3
   680 | D:1      | Reached skill level 5 in Ranged Weapons
   951 | D:1      | 951 ||| UPGRADING to amulet of the acrobat.
   956 | D:1      | 956 ||| READING scroll labelled JAQIFA MYPUAK.
   957 | D:1      | 957 ||| READING 2 scrolls labelled YBABLE LUJO.
   961 | D:1      | 961 ||| READING scroll labelled ICLUEJ DYVVORR.
   962 | D:1      | 962 ||| READING scroll labelled FUXKUL TICINGIHIN.
   963 | D:1      | 963 ||| DRINKING 2 sapphire potions.
   964 | D:1      | 964 ||| DROPPING scroll of butterflies.
   965 | D:1      | 965 ||| DROPPING potion of brilliance.
  1107 | D:2      | 1107 ||| SWAPPING to +0 longbow.
  1108 | D:2      | 1108 ||| DROPPING +0 shortbow.
  1192 | D:2      | Noticed Jessica
  1195 | D:2      | Killed Jessica
  1196 | D:2      | Reached skill level 3 in Fighting
  1196 | D:2      | Reached XP level 4. HP: 24/28 MP: 4/4
  1196 | D:2      | 1196 ||| FLEEEEING.
  1197 | D:2      | 1197 ||| FLEEEEING.
  1198 | D:2      | 1198 ||| FLEEEEING.
  1199 | D:2      | 1199 ||| FLEEEEING.
  1200 | D:2      | 1200 ||| FLEEEEING.
  1201 | D:2      | 1201 ||| FLEEEEING.
  1202 | D:2      | 1202 ||| FLEEEEING.
  1915 | D:2      | 1915 ||| UPGRADING to +0 ring mail.
  1925 | D:2      | 1925 ||| DROPPING +0 leather armour.
  1926 | D:2      | 1926 ||| READING scroll labelled PICHOY ZAUTISI.
  2029 | D:3      | Reached skill level 1 in Armour
  2132 | D:3      | HP: 5/28 [something/puff of flame (4)]
  2134 | D:3      | Slain by an orc wizard

Levels and vault maps discovered:
D:1:      lemuel_arrival_cross, layout_basic
D:2:      layout_basic, uniq_jessica
D:3:      layout_basic, bloody_trog, minivault_11

Skill      XL: |  1  2  3  4 |
---------------+-------------+-----
Ranged Weapons | 5 |  5.3
Fighting       | 3 |  3.4
Armour         | 1 |  1.2
Dodging        | |  1.5
Stealth        | |  1.1

Action                     |  1- 3 |  4- 6 || total
---------------------------+-------+-------++-------
   Fire: Shortbow          |    98 |       ||    98
         Longbow           |     6 |    65 ||    71
    Use: Scroll            |     4 |     1 ||     5
         Potion            |     1 |       ||     1
 Armour: Leather armour    |    11 |     1 ||    12
         Ring mail         |       |    18 ||    18
  Dodge: Dodged            |    30 |    18 ||    48

Table legend:
 A = Non-vault XP
 B = Vault XP
 C = Vault XP percentage of total XP
 D = Non-vault monster count
 E = Vault monster count
 F = Vault count percentage of total count
                 A         B        C        D         E       F
            +---------+---------+-------+---------+---------+-------
      Total |     125 |      37 |  22.8 |      63 |       1 |   1.6
            +---------+---------+-------+---------+---------+-------
        D:1 |      44 |       0 |   0.0 |      27 |       0 |   0.0
        D:2 |      41 |      37 |  47.4 |      23 |       1 |   4.2
        D:3 |      40 |       0 |   0.0 |      13 |       0 |   0.0
            +---------+---------+-------+---------+---------+-------
